Map: Acropolis LE

Players

TcUltimate - Winner!

  • Race: Protoss Protoss
  • League: Grandmaster
  • Spawn Location: 11:00

Mez

  • Race: Terran Terran
  • League: Master
  • Spawn Location: 5:00

VOD

Have the link to the VOD?

Description

Time

  • Played on: July 31, 2019, 12:46 a.m.
  • Length: 14:47
Show
View Real Time Build Order
Export as new Build Order

TcUltimate Protoss - Winner!

Build Orders: 1 Gate Expand, Colossus Rush, Dark Templar Rush 

Get SALT Encoding   

  12  0:02  Probe  
  13  0:14  Probe  
  13  0:20  Pylon  
  14  0:26  Probe  
  15  0:35  Probe  
  15  0:40  Gateway  
  16  0:43  Probe  
  16  0:45  Assimilator  
  17  0:53  Probe  
  18  1:05  Probe  
  19  1:17  Probe  
  20  1:27  Cybernetics Core  
  20  1:37  Nexus  
  20  1:38  Probe  
  21  1:49  Assimilator, Pylon  
  22  1:58  Adept  
  22  2:06  Warp Gate  
  23  2:10  Probe  
  24  2:22  Probe  
  25  2:24  Adept  
  25  2:32  Pylon  
  25  2:35  Probe  
  28  2:47  Probe  
  28  2:50  Probe  
  30  2:54  Stalker  
  32  2:59  Probe  
  32  3:01  Probe  
  34  3:07  Twilight Council  
  34  3:08  Probe  
  34  3:09  Probe  
  35  3:16  Probe  
  35  3:17  Probe  
  35  3:19  Shield Battery  
  36  3:25  Probe  
  38  3:27  Stalker  
  38  3:28  Probe  
  42  3:38  Probe  
  42  3:40  Robotics Facility, Probe  
  42  3:50  Probe  
  42  3:52  Dark Shrine  
  42  3:53  Probe  
  44  3:56  Gateway  
  44  3:59  Gateway  
  44  4:02  Probe  
  45  4:05  Stalker  
  45  4:07  Shield Battery  
  45  4:09  Probe  
  48  4:11  Assimilator  
  48  4:15  Immortal  
  48  4:16  Probe  
  49  4:20  Assimilator  
  49  4:22  Probe  
  54  4:33  Pylon  
  54  4:47  Warp Prism, Pylon  
  54  4:51  Probe x2  
  58  5:00  Robotics Bay  
  58  5:02  Adept x2  
  58  5:05  Probe x2  
  64  5:07  Pylon  
  64  5:10  Adept  
  64  5:11  Pylon  
  66  5:17  Probe  
  67  5:23  Observer  
  68  5:30  Nexus  
  68  5:32  Pylon  
  68  5:36  Sentry x3  
  68  5:39  Colossus  
  74  5:45  Forge  
  80  5:53  Forge  
  80  6:11  Shield Battery, Pylon  
  80  6:12  Shield Battery  
  80  6:21  Dark Templar x2  
  80  6:22  Colossus, Dark Templar  
  86  6:28  Probe  
  85  6:37  Probe  
  92  6:40  Probe  
  89  6:50  Probe  
  89  6:52  Probe  
  91  6:54  Protoss Ground Weapons Level 1  
  91  7:01  Colossus  
  91  7:02  Probe x2  
  91  7:04  Protoss Ground Armor Level 1, Probe  
  94  7:10  Probe  
  94  7:15  Probe  
  94  7:17  Probe, Gateway  
  94  7:19  Gateway  
  94  7:20  Gateway  
  94  7:21  Probe  
  94  7:22  Gateway  
  101  7:25  Gateway  
  101  7:27  Pylon  
  101  7:29  Probe x2, Blink  
  104  7:42  Colossus  
  104  7:44  Probe  
  104  7:51  Pylon  
  105  7:56  Probe, Pylon  
  105  7:58  Probe x2  
  114  8:00  Assimilator  
  114  8:02  Assimilator  
  114  8:03  Stalker  
  114  8:04  Stalker x2  
  120  8:09  Pylon  
  118  8:19  Stalker x3  
  124  8:25  Pylon  
  120  8:30  Adept, Colossus  
  120  8:31  Adept x4  
  136  8:52  Protoss Ground Weapons Level 2  
  136  8:53  Zealot x4  
  136  8:54  Zealot x4  
  152  8:57  Pylon  
  152  8:58  Protoss Ground Armor Level 2  
  144  9:15  Probe  
  145  9:19  Zealot  
  145  9:20  Dark Templar  
  149  9:35  Disruptor  
  149  9:38  Templar Archives  
  144  9:49  Robotics Facility  
  144  9:50  Pylon  
  144  9:51  Pylon  
  147  10:02  Extended Thermal Lance  
  147  10:05  Nexus, Charge  
  147  10:07  Pylon  
  147  10:08  Disruptor  
  150  10:25  Pylon x3  
  150  10:27  Disruptor  
  150  10:28  High Templar  
  152  10:30  High Templar  
  152  10:32  Shield Battery  
  152  10:34  Shield Battery  
  154  10:36  Photon Cannon, Disruptor  
  154  10:37  Photon Cannon  
  154  10:38  Photon Cannon  
  154  10:39  Pylon  
  160  10:52  Probe x2  
  160  10:53  Probe  
  163  10:57  Psionic Storm  
  163  11:04  Probe  
  163  11:06  Probe  
  163  11:09  Probe  
  166  11:12  Assimilator  
  166  11:15  Assimilator  
  166  11:16  Probe  
  166  11:18  Probe, Protoss Ground Weapons Level 3  
  167  11:19  Zealot x3  
  167  11:20  Zealot  
  167  11:22  Zealot x2  
  167  11:23  Zealot x2  
  184  11:31  Disruptor  
  184  11:38  Colossus x2  
  184  11:39  Colossus  
  184  11:40  Colossus, Disruptor  
  190  11:50  High Templar  
  184  12:05  Zealot x7  
  195  12:29  Gateway x2  
  195  12:31  Gateway  
  195  12:34  Gateway  
  183  12:38  Gateway  
  183  12:39  Dark Templar  
  183  12:40  Dark Templar, Gateway  
  183  12:42  High Templar x2  
  183  12:43  High Templar x3, Pylon  
  197  12:46  Warp Prism  
  197  12:49  Gravitic Drive  
  192  13:04  High Templar x2  
  196  13:17  Photon Cannon  
  196  13:18  Pylon  
  196  13:19  Photon Cannon  
  196  13:21  Photon Cannon  
  196  13:24  Photon Cannon  
  196  13:28  Photon Cannon  
  187  13:34  Photon Cannon  
  187  13:35  Photon Cannon, Nexus  
  187  13:47  Disruptor x2  
  161  14:09  Zealot  
  160  14:10  Zealot x10  
  160  14:11  Zealot x3  
  167  14:46  Zealot x3  
  167  14:47  Zealot x4  
Show
View Real Time Build Order
Export as new Build Order

Mez Terran 

Build Orders: Reaper Expand 

Get SALT Encoding   

  12  0:01  SCV  
  13  0:13  SCV  
  14  0:17  Supply Depot  
  14  0:25  SCV  
  15  0:39  SCV  
  15  0:40  Barracks  
  16  0:44  Refinery  
  16  0:51  SCV  
  17  1:03  SCV  
  18  1:15  SCV  
  19  1:29  Reaper, Orbital Command  
  20  1:44  Command Center  
  20  1:55  Barracks  
  20  2:00  SCV  
  21  2:01  Barracks Reactor  
  21  2:13  Barracks  
  21  2:23  Supply Depot  
  21  2:26  SCV  
  22  2:38  SCV  
  22  2:44  Barracks Tech Lab  
  23  2:45  Marine x2  
  23  2:50  SCV  
  26  2:56  Orbital Command  
  26  3:01  Marine  
  26  3:02  SCV  
  26  3:04  Concussive Shells  
  26  3:05  Marine, Marauder  
  31  3:07  Marine  
  32  3:14  SCV  
  32  3:19  Marine  
  34  3:20  Supply Depot  
  34  3:24  Marine  
  34  3:26  SCV x2  
  36  3:29  Marauder  
  36  3:32  Marine  
  39  3:38  SCV  
  40  3:50  Marine  
  40  3:51  SCV x2  
  40  3:54  Marine x3  
  46  3:57  Supply Depot  
  46  4:00  Stimpack  
  46  4:03  Engineering Bay  
  46  4:04  SCV x2  
  48  4:12  Marine x4  
  52  4:19  Factory, SCV  
  52  4:20  Refinery  
  52  4:21  SCV  
  54  4:26  Refinery  
  54  4:29  Supply Depot  
  54  4:33  SCV x2, Marine  
  54  4:34  Marine  
  57  4:51  SCV  
  57  4:52  SCV, Marine x3  
  60  4:55  Supply Depot  
  62  5:04  SCV x2  
  64  5:09  Factory Reactor  
  64  5:10  Starport  
  64  5:11  Terran Infantry Weapons Level 1  
  64  5:16  SCV  
  64  5:17  SCV, Command Center  
  66  5:25  Supply Depot  
  66  5:26  Barracks Tech Lab  
  66  5:28  SCV  
  66  5:29  SCV  
  67  5:40  SCV  
  67  5:41  SCV  
  69  5:43  Marine x3  
  69  5:45  Combat Shield  
  72  5:51  Supply Depot  
  72  5:54  Barracks  
  72  5:55  Barracks, Medivac x2  
  76  5:57  SCV x2  
  76  6:02  Marauder  
  80  6:09  SCV x2  
  82  6:17  Supply Depot  
  81  6:21  SCV  
  81  6:22  Marine x2  
  81  6:23  Marauder  
  75  6:45  Orbital Command  
  72  6:51  Missile Turret, Marine  
  72  6:52  Marine x2, Marauder x2  
  77  6:58  SCV x2  
  77  7:09  Marine  
  77  7:13  Marauder x2  
  81  7:18  Orbital Command  
  81  7:19  SCV x2  
  81  7:20  Missile Turret  
  83  7:29  Marine x2  
  83  7:31  Barracks Reactor, SCV  
  83  7:35  Marauder x2  
  90  7:42  SCV  
  90  7:43  SCV, Supply Depot  
  92  7:49  SCV  
  92  7:50  Missile Turret  
  93  7:54  SCV  
  93  7:57  SCV  
  95  8:01  SCV  
  95  8:02  Medivac  
  95  8:03  Medivac  
  100  8:07  SCV  
  100  8:08  Terran Infantry Armor Level 1  
  100  8:09  SCV  
  102  8:15  SCV  
  102  8:19  SCV  
  97  8:33  Medivac x2  
  101  8:35  Marine x3, Marauder x2, Barracks Tech Lab  
  101  8:37  SCV x3  
  111  8:49  SCV  
  112  8:56  Marauder  
  107  9:04  Marine x2, Marauder x2  
  107  9:06  SCV x2  
  107  9:08  Barracks  
  110  9:10  Barracks  
  110  9:12  Barracks  
  110  9:16  Marine  
  111  9:17  Marauder  
  111  9:18  SCV x2  
  111  9:19  SCV  
  111  9:21  Starport  
  111  9:22  Ghost Academy  
  116  9:25  Refinery, Marauder  
  116  9:26  Marauder  
  116  9:27  Refinery  
  116  9:30  Engineering Bay  
  116  9:31  Armory, Supply Depot  
  120  9:32  Supply Depot  
  120  9:45  Marine x3, Marauder  
  125  9:53  Marine, Marauder x2  
  125  9:54  Supply Depot  
  125  9:57  Supply Depot  
  130  10:00  Supply Depot  
  130  10:10  Starport Reactor  
  130  10:11  Viking x2  
  126  10:22  Supply Depot  
  126  10:24  Terran Infantry Weapons Level 2  
  126  10:29  Supply Depot  
  126  10:30  Refinery  
  126  10:31  Marauder x3, Barracks Tech Lab x2  
  132  10:39  Barracks Tech Lab  
  132  10:41  Medivac  
  134  10:51  Marauder  
  134  10:52  Marauder x2  
  134  10:53  Viking x2  
  134  10:54  Viking  
  146  11:02  Command Center, Marauder x2  
  150  11:12  Terran Infantry Armor Level 2  
  150  11:15  Supply Depot  
  150  11:21  Ghost  
  150  11:23  Ghost  
  154  11:25  Marine  
  154  11:26  Marine x7  
  162  11:46  Viking x2  
  164  11:48  Marine x6  
  167  11:58  Marine x4  
  165  12:06  Marine x3  
  165  12:07  Marine, Marauder x2  
  172  12:16  Marine x3, Marauder  
  172  12:22  Command Center  
  177  12:24  Viking  
  169  12:30  SCV  
  169  12:31  SCV x2  
  165  12:40  Viking  
  165  12:42  SCV  
  165  12:43  SCV  
  164  12:55  Viking x2  
  164  12:58  Planetary Fortress  
  168  13:11  SCV x2  
  170  13:13  SCV  
  170  13:20  Marine x4, Marauder x2  
  170  13:23  SCV x2  
  161  13:37  Ghost x3  
  161  13:38  Marine  
  167  13:45  Marine, Marauder  
  162  13:51  Medivac  
  162  13:52  Viking x2  
  119  14:05  Marine  
  119  14:06  Marine x3, Marauder x2  
  119  14:07  Marauder x2  
  106  14:19  Marine x2  
  106  14:23  Marine  
  106  14:24  Marine x3  
  105  14:27  Marine x3  
  105  14:28  Marine  
Tags
 
Add a new tag
Caveats
  • Supply blocks, unpowered buildings, or Contaminate may cause inaccurate times.
  • Supply counts are checked every 10 seconds.